 Dungeon Crawl Stone Soup version 0.27.1-1-g398f81649c (webtiles) character file.

Game seed: 9807093089125658558

39778 Destapler the Warrior (level 13, -5/135 HPs)
             Began as a Troll Fighter on Sept 12, 2021.
             Was a High Priest of Hepliaklqana.
             Slain by a seven-headed hydra (7 damage)
             ... on level 4 of the Lair of Beasts.
             The game lasted 01:03:52 (13362 turns).

Destapler the Warrior (Troll Fighter)              Turns: 13362, Time: 01:03:53

Health: -5/135     AC: 15    Str: 37    XL:     13   Next: 71%
Magic:  16/16      EV:  9    Int:  7    God:    Hepliaklqana [*****.]
Gold:   452        SH: 14    Dex:  9    Spells: 12/12 levels left

rFire    . . .     SeeInvis .   b - +1 spear (flame)
rCold    . . .     Faith    .   c - +1 kite shield
rNeg     . . .     Spirit   .   k - +2 swamp dragon scales
rPois    +         Reflect  .   (helmet restricted)
rElec    .         Harm     .   (no cloak)
rCorr    .         Rampage  .   (gloves unavailable)
Will     +....                  (boots unavailable)
Stlth    ..........             J - amulet of Subraic {Acrobat Will+ Int+3}
HPRegen  1.32/turn              q - +4 ring of protection
MPRegen  0.15/turn              v - +6 ring of strength

@: no status effects
A: reduced essence, large, unfitting armour, claws 3, regeneration 1, shaggy fur
1, tough skin 1, evolution 1
a: Renounce Religion, Recall Ancestor, Ancestor Identity, Transference, Idealise


You were on level 4 of the Lair of Beasts.
You worshipped Hepliaklqana.
Hepliaklqana was extremely pleased with you.
You visited 3 branches of the dungeon, and saw 17 of its levels.

You collected 1136 gold pieces.
You spent 684 gold pieces at shops.

Inventory:

Hand Weapons
 a - a +4 hand axe
 b - a +1 spear of flaming (weapon)
 l - a +2 dagger of venom
 u - a +2 vampiric spear
Missiles
 p - 10 poisoned darts
 x - 7 boomerangs of dispersal
 E - 33 boomerangs (quivered)
 H - 4 throwing nets
 L - a curare-tipped dart
Armour
 c - a +1 kite shield (worn)
 k - +2 swamp dragon scales (worn)
Jewellery
 h - a +4 ring of evasion
 m - an amulet of faith
 q - a +4 ring of protection (left claw)
 r - an amulet of regeneration
 t - a ring of positive energy
 v - a +6 ring of strength (right claw)
 J - the amulet of Subraic (around neck) {Acrobat Will+ Int+3}
   (You bought it in a shop on level 1 of the Orcish Mines)

   [amulet of the acrobat]

   It increases your evasion while moving and waiting.
   Int:       It affects your intelligence (+3).
   Will:      It increases your willpower.
 P - a +6 ring of intelligence
 Q - the ring of Ru's Benevolence {rPois rC+ rN++ Str-4}
   (You found it on level 3 of the Lair of Beasts)

   [ring of poison resistance]

   Str:       It affects your strength (-4).
   rC:        It protects you from cold.
   rPois:     It protects you from poison.
   rN:        It greatly protects you from negative energy.
Wands
 i - a wand of flame (39)
 o - a wand of digging (6)
 A - a wand of iceblast (13)
 B - a wand of mindburst (32)
 D - a wand of paralysis (13)
 F - a wand of acid (5)
 M - a wand of polymorph (6)
Scrolls
 d - 2 scrolls of immolation
 e - a scroll of amnesia
 g - 10 scrolls of identify
 j - 3 scrolls of fog
 s - 2 scrolls of magic mapping
 w - 2 scrolls of summoning
 y - 5 scrolls of teleportation {unknown}
 z - a scroll of blinking {unknown}
 G - a scroll of enchant weapon {unknown}
 O - 2 scrolls of enchant armour
Potions
 f - 2 potions of lignification
 n - 2 potions of heal wounds
 C - 3 potions of magic
 I - a potion of attraction
 K - 8 potions of ambrosia
 N - a potion of brilliance


   Skills:
 + Level 15.5 Fighting
 - Level 1.7 Maces & Flails
 - Level 3.0 Armour
 - Level 3.0 Dodging
 - Level 10.0 Shields
 - Level 6.0 Invocations
 - Level 3.0 Evocations


You had 12 spell levels left.
You didn't know any spells.
Your spell library contained the following spells:

 Spells                   Type           Power      Damage    Failure   Level
 Apportation              Tloc           0%         N/A       52%         1
 Magic Dart               Conj           0%         1d3       52%         1
 Searing Ray              Conj           0%         3d3       67%         2
 Static Discharge         Conj/Air       0%         N/A       67%         2
 Sublimation of Blood     Necr           0%         N/A       67%         2
 Wereblood                Tmut           0%         N/A       67%         2
 Dispel Undead            Necr           0%         3d6       99%         4
 Fulminant Prism          Conj/Hex       0%         3d6       99%         4
 Olgreb's Toxic Radiance  Pois           0%         N/A       99%         4
 Sticky Flame             Conj/Fire      0%         2d3       99%         4
 Alistair's Intoxication  Tmut/Pois      0%         N/A       100%        5
 Lightning Bolt           Conj/Air       0%         1d11      100%        5
 Invisibility             Hex            0%         N/A       100%        6
 Ozocubu's Refrigeration  Ice            0%         4d5       100%        7
 Summon Hydra             Summ           0%         N/A       100%        7
 Ignition                 Fire           0%         3d3       100%        8
 Maxwell's Capacitive Co  Air            0%         ∞         100%        8
 Chain Lightning          Conj/Air       0%         N/A       100%        9
 Fire Storm               Conj/Fire      0%         5d1       100%        9


Dungeon Overview and Level Annotations

Branches:
Dungeon (12/15)            Temple (0/1) D:7            Lair (4/6) D:8
  Snake (0/4) Lair:2          Orc (1/2) D:11
  Swamp: Lair:2-4    Shoals: Lair:2-4

Altars:
Ashenzari
Dithmenos
Fedhas
Gozag
Hepliaklqana
Kikubaaqudgha
Makhleb
Okawaru
Qazlal
Sif Muna
Trog
Wu Jian
The Shining One

Shops:
D:11 (   Orc:1 =


Innate Abilities, Weirdness & Mutations

Your life essence is reduced to manifest your ancestor. (-10% HP)
You are too large for most types of armour.
You have claws for hands.
Your natural rate of healing is unusually fast.
You are covered in fur. (AC +1)
You have tough skin. (AC +1)
You evolve.


Message History

You block the black mamba's attack.
The black mamba bites you but does no damage.
The black mamba bites you.
* * * LOW HITPOINT WARNING * * *
Vusi hits the seven-headed hydra with a +0 dagger of draining!
Vusi drains the seven-headed hydra.
The black mamba bites you but does no damage.
The seven-headed hydra bites you but does no damage.
You block the seven-headed hydra's attack.
The seven-headed hydra bites you but does no damage.
You block the seven-headed hydra's attack.
The seven-headed hydra bites you.
* * * LOW HITPOINT WARNING * * *
The seven-headed hydra bites you but does no damage. x2
You barely miss the seven-headed hydra.
The seven-headed hydra is severely wounded.
You block the black mamba's attack.
The black mamba bites you but does no damage.
The black mamba bites you!
* * * LOW HITPOINT WARNING * * *
Vusi hits the seven-headed hydra with a +0 dagger of draining.
Vusi drains the seven-headed hydra.
The seven-headed hydra bites you but does no damage. x2
You block the seven-headed hydra's attack.
The seven-headed hydra misses you.
You block the seven-headed hydra's attack. x2
The seven-headed hydra bites you but does no damage.
The black mamba closely misses you.
You puncture the seven-headed hydra! You burn the seven-headed hydra.
The seven-headed hydra is almost dead.
You block the black mamba's attack. The black mamba bites you!
* * * LOW HITPOINT WARNING * * *
Vusi completely misses the seven-headed hydra.
The black mamba bites you.
* * * LOW HITPOINT WARNING * * *
The seven-headed hydra bites you.
* * * LOW HITPOINT WARNING * * *
You block the seven-headed hydra's attack.
The seven-headed hydra bites you!
You die...

##.............
..................
.................)#
..................#.
#......<............
#.#................#
#............^...#
##....<...S........
#P....†..@S./......
##.......RD........
#.................
#########.#......#
###....... .....##
#..P## S..# P#.. ###


You could see the friendly Vusi the hexer, a seven-headed hydra (drained, ally
target) and 2 black mambas.

Vanquished Creatures
  3 boulder beetles
  Harold (D:11)
  3 two-headed ogres
  3 death yaks (Lair:3)
  An orc high priest (D:11)
  An orc knight (D:11)
  A deep elf pyromancer (D:12)
  An orc sorcerer (D:11)
  2 black mambas
  A gargoyle (D:12)
  8 cane toads
  Maggie (D:7)
  2 rime drakes
  2 komodo dragons
  3 trolls
  A hornet (D:8)
  5 blink frogs
  A shadow (D:9)
  A wyvern (Lair:1)
  2 wraiths
  24 yaks
  A steam dragon (D:8)
  A fire elemental (Lair:3)
  A naga (Lair:2)
  A warg (D:8)
  A hell hound (Lair:3)
  5 water moccasins
  11 orc warriors
  A sky beast (D:6)
  A hornet zombie (D:8)
  An ogre (D:11)
  7 wolves
  14 centaurs
  A necrophage (D:8)
  2 bullfrogs (Lair:1)
  A gnoll sergeant (D:7)
  A water moccasin zombie (D:5)
  A wyvern zombie (D:8)
  A water moccasin skeleton (D:6)
  23 killer bees
  10 wights
  4 howler monkeys
  4 centaur zombies
  A bullfrog zombie (D:6)
  2 jellies
  A gnoll shaman (D:9)
  A human zombie (D:8)
  9 orc priests
  A hexer (D:11)
  An iguana (D:6)
  5 orc wizards
  A killer bee zombie (D:8)
  2 mummies (D:8)
  3 howler monkey zombies
  Robin (D:2)
  11 gnolls
  A howler monkey skeleton (D:4)
  6 adders
  A white imp (D:6)
  An ufetubus (D:5)
  An adder skeleton (D:4)
  3 worms (D:2)
  2 dart slugs
  51 orcs
  6 ball pythons
  5 bats
  8 endoplasms
  3 giant cockroaches
  13 goblins
  7 hobgoblins
  2 jackals (D:3)
  4 quokkas
  2 frilled lizards
  15 kobolds
  4 rats
334 creatures vanquished.

Vanquished Creatures (collateral kills)
  3 boulder beetles (D:11)
  A hydra (Lair:1)
  2 death yaks
  A black mamba (Lair:3)
  2 cane toads (Lair:3)
  3 komodo dragons (Lair:3)
  A queen bee (Lair:1)
  A polar bear (Lair:2)
  4 blink frogs
  A shadow (D:11)
  2 wraiths
  A fire elemental (Lair:3)
  16 yaks
  3 basilisks
  2 wargs
  A naga (Lair:2)
  4 water moccasins
  A sky beast (D:8)
  4 orc warriors
  An ice beast (D:5)
  A black bear (D:5)
  2 wolves (Lair:3)
  3 centaurs (D:7)
  A kobold brigand (D:8)
  10 bullfrogs
  A gnoll sergeant (D:10)
  9 killer bees
  2 electric eels (Lair:1)
  A bullfrog zombie (D:5)
  A centaur skeleton (D:5)
  2 centaur zombies
  4 orc priests (D:8)
  2 hounds
  5 orc wizards
  6 gnolls
  2 adders
  A white imp (D:5)
  An ufetubus (D:6)
  A dart slug (D:5)
  15 orcs
  An endoplasm (D:2)
  A goblin (D:2)
  3 hobgoblins
  A quokka (D:5)
  A bat (D:3)
131 creatures vanquished.

Vanquished Creatures (others)
  14 hexers
  3 ancestors
  11 fungi
  24 plants
52 creatures vanquished.

Grand Total: 517 creatures vanquished

Notes
Turn   | Place    | Note
-------+----------+-------------------------------------------
     0 | D:1      | Destapler the Troll Fighter began the quest for the Orb.
     0 | D:1      | Reached XP level 1. HP: 22/22 MP: 0/0
   208 | D:1      | Reached XP level 2. HP: 29/29 MP: 1/1
   296 | D:1      | Reached XP level 3. HP: 35/36 MP: 2/2
   663 | D:2      | Reached skill level 3 in Fighting
   679 | D:2      | Found a faded altar of an unknown god.
   693 | D:2      | Reached XP level 4. HP: 45/45 MP: 3/3
   698 | D:2      | Became a worshipper of Hepliaklqana the Forgotten
   698 | D:2      | Reached * piety under Hepliaklqana
   776 | D:2      | Noticed Robin
   799 | D:2      | Killed Robin
   929 | D:2      | Reached XP level 5. HP: 41/47 MP: 4/4
  1969 | D:4      | Reached XP level 6. HP: 55/55 MP: 5/5
  1992 | D:3      | Reached skill level 5 in Shields
  2016 | D:4      | Reached skill level 4 in Fighting
  2100 | D:4      | Reached ** piety under Hepliaklqana
  2101 | D:4      | Remembered your ancestor Vusi as a hexer
  2145 | D:4      | Found a hazy altar of Hepliaklqana.
  2147 | D:4      | Found an iron altar of Okawaru.
  2300 | D:5      | Entered Level 5 of the Dungeon
  2312 | D:5      | Noticed an ice beast
  2322 | D:5      | Killed an ice beast
  2338 | D:5      | Reached XP level 7. HP: 61/63 MP: 6/6
  2539 | D:5      | Found a glowing golden altar of the Shining One.
  2907 | D:5      | Found a shimmering blue altar of Sif Muna.
  3117 | D:6      | Found a shadowy altar of Dithmenos.
  3204 | D:6      | Reached skill level 5 in Fighting
  3254 | D:6      | Reached XP level 8. HP: 72/72 MP: 7/7
  3497 | D:7      | Noticed Maggie
  3498 | D:7      | Paralysed by Maggie for 6 turns
  3509 | D:7      | Killed Maggie
  3821 | D:7      | Reached skill level 6 in Fighting
  3952 | D:7      | Reached XP level 9. HP: 52/80 MP: 8/8
  4086 | D:7      | Found a staircase to the Ecumenical Temple.
  4171 | D:7      | Found an ornate altar of the Wu Jian Council.
  4763 | D:8      | Reached *** piety under Hepliaklqana
  4945 | D:8      | Found a staircase to the Lair.
  4950 | D:8      | Reached skill level 7 in Fighting
  4968 | D:8      | Reached skill level 10 in Shields
  5029 | D:8      | Noticed a two-headed ogre
  5037 | D:8      | Killed a two-headed ogre
  5038 | D:8      | Reached skill level 1 in Armour
  5038 | D:8      | Reached skill level 1 in Invocations
  5038 | D:8      | Reached skill level 1 in Evocations
  5038 | D:8      | Reached XP level 10. HP: 83/91 MP: 8/10
  5400 | D:8      | Found a bloodstained altar of Trog.
  5709 | D:8      | Found an ancient bone altar of Kikubaaqudgha.
  5981 | D:9      | Noticed a two-headed ogre
  5986 | D:9      | Killed a two-headed ogre
  6379 | D:9      | Reached skill level 8 in Fighting
  6559 | D:9      | Found a blossoming altar of Fedhas.
  6562 | D:9      | Found a stormy altar of Qazlal.
  6639 | D:9      | Found a burning altar of Makhleb.
  6851 | D:10     | Entered Level 10 of the Dungeon
  6859 | D:10     | Reached **** piety under Hepliaklqana
  6897 | D:10     | Reached XP level 11. HP: 96/101 MP: 13/13
  6983 | D:10     | Reached skill level 5 in Invocations
  7014 | D:10     | Noticed a two-headed ogre
  7030 | D:10     | Killed a two-headed ogre
  7033 | D:10     | Reached skill level 9 in Fighting
  7193 | D:10     | Noticed a boulder beetle
  7225 | D:10     | Killed a boulder beetle
  7268 | D:10     | Found an opulent altar of Gozag.
  7361 | D:11     | Noticed a boulder beetle
  7396 | D:11     | Killed a boulder beetle
  7482 | D:11     | Reached skill level 10 in Fighting
  7511 | D:11     | Noticed a boulder beetle
  7533 | D:11     | Killed a boulder beetle
  7653 | D:11     | Noticed a boulder beetle
  7701 | D:10     | Gained mutation: You sometimes lose the ability to read
                  | scrolls when taking damage. [potion of mutation]
  7701 | D:10     | Gained mutation: You evolve. [potion of mutation]
  7706 | D:10     | Lost mutation: You sometimes lose the ability to read
                  | scrolls when taking damage. [evolution]
  7726 | D:10     | Killed a boulder beetle
  7801 | D:11     | Found a broken altar of Ashenzari.
  7833 | D:11     | Found Ziojul's Weapon Shop.
  7833 | D:11     | Found a staircase to the Orcish Mines.
  7853 | D:11     | Noticed a boulder beetle
  7875 | D:11     | Killed a boulder beetle
  7876 | D:11     | Reached skill level 11 in Fighting
  8135 | Orc:1    | Entered Level 1 of the Orcish Mines
  8175 | Orc:1    | Noticed Harold
  8246 | D:11     | Reached XP level 12. HP: 63/117 MP: 15/15
  8544 | D:12     | Noticed a death knight
  8608 | D:11     | Killed Harold
  8785 | Orc:1    | Noticed an orc high priest
  8799 | D:11     | Reached skill level 12 in Fighting
  8947 | D:11     | Killed an orc high priest
  8978 | Orc:1    | Found Yfixyzxo's Jewellery Emporium.
  8982 | Orc:1    | Bought the amulet of Subraic {Acrobat Will+ Int+3} for 684
                  | gold pieces
  9185 | Lair:1   | Entered Level 1 of the Lair of Beasts
  9274 | Lair:1   | Noticed a four-headed hydra
  9284 | Lair:1   | Killed a four-headed hydra
  9383 | Lair:1   | Reached ***** piety under Hepliaklqana
  9389 | Lair:1   | Reached skill level 13 in Fighting
 10432 | Lair:2   | Reached XP level 13. HP: 19/130 MP: 16/16
 10489 | Lair:2   | Reached skill level 14 in Fighting
 10646 | Lair:2   | Found a staircase to the Snake Pit.
 11477 | Lair:3   | Found a transporter.
 11504 | Lair:3   | Found a transporter.
 12064 | Lair:3   | Reached skill level 15 in Fighting
 13291 | Lair:3   | Identified the ring of Ru's Benevolence {rPois rC+ rN++
                  | Str-4}
 13362 | Lair:4   | HP: 2/135 [seven-headed hydra (5)]
 13362 | Lair:4   | Slain by a seven-headed hydra

Illustrated notes

Levels and vault maps discovered:
D:1:      dpeg_arrival_water_fire, layout_rooms, ebering_dispersal_statue_hall,
          chequers_garden
D:2:      layout_rooms, shapermc_ecumenical_altar_starsandcircs,
          kennysheep_generic_room_16, uniq_robin
D:3:      layout_loops_ring
D:4:      layout_rooms, jmf_multi_god_temple
D:5:      layout_cave_pods, lemuel_doored_altar, mainiacjoe_overflow_boulevard
D:6:      layout_basic, grunt_dithmenos_smoke
D:7:      layout_rooms, nicolae_wu_jian_glorious_leap,
          minmay_temple_entry_glass, centaur_isle, uniq_maggie
D:8:      layout_rooms, trog_three_pillars_becter,
          lemuel_mausoleum_altar_kikubaaqudgha, erik_lair_orcish_takeover,
          special_room [special_room_orc]
D:9:      layout_stronghold, mainiacjoe_overflow_alcove_4,
          grunt_temple_overflow_forces_of_nature
D:10:     layout_gridville, mainiacjoe_overflow_chevrons, minivault_16,
          hex_medium, minmay_microvault
D:11:     layout_rooms, orc_david_3, cheibrodos_ashenzari_chains
D:12:     layout_loops_corners, uniq_jorgrun
Lair:1:   layout_roguey [special_room_bee], patterned_corridor,
          grunt_megastairs_2, serial_bayou_shore_a
Lair:2:   layout_cave_pods, guppyfry_snake_entry_island, grunt_megastairs_1
Lair:3:   gammafunk_cloud_chamber, layout_cave_shapes, grunt_megastairs_4
Lair:4:   layout_cave_pods, minmay_swamp_entry_swarm,
          hangedman_lair_generics_rect, lemuel_fruit_tree
Orc:1:    layout_caves, serial_shops, nicolae_shop_behind_doors, uniq_harold

Skill      XL: |  1  2  3  4  5  6  7  8  9 10 11 12 13 |
---------------+----------------------------------------+-----
Shields        | 3 4 5 6 8 10 | 10.0
Fighting       | 3 4 5 6 7 8 11 13 15 | 15.5
Armour         | 1 3 |  3.0
Invocations    | 1 4 6 |  6.0
Evocations     | 1 3 |  3.0
Dodging        | 3 |  3.0
Maces & Flails | |  1.7

Action                   |  1- 3 |  4- 6 |  7- 9 | 10-12 | 13-15 || total
-------------------------+-------+-------+-------+-------+-------++-------
Melee: Flail             |    17 |       |       |       |       ||    17
       Spear             |    52 |   174 |   275 |   146 |     7 ||   654
       Hand axe          |       |       |     7 |   898 |   318 ||  1223
Throw: Dart              |       |       |    11 |     1 |     1 ||    13
       Boomerang         |       |       |     1 |       |    21 ||    22
Invok: Recall Ancestor   |       |     1 |       |     3 |     1 ||     5
       Ancestor Life: He |       |     1 |       |       |       ||     1
       Transference      |       |       |       |     2 |       ||     2
       Idealise          |       |       |       |       |     1 ||     1
Evoke: Wand              |       |       |       |     8 |       ||     8
  Use: Potion            |       |     1 |     7 |     5 |     2 ||    15
       Scroll            |       |       |    13 |     1 |       ||    14
 Stab: Sleeping          |       |     1 |     1 |       |       ||     2
       Distracted        |       |       |     6 |     7 |     5 ||    18
       Confused          |       |       |     1 |    12 |     2 ||    15
       Paralysed         |       |       |       |    10 |       ||    10
Armor: Robe              |    15 |    50 |    37 |       |       ||   102
       Swamp dragon scal |       |       |    60 |   385 |   132 ||   577
       Skin              |       |       |       |     6 |       ||     6
Dodge: Dodged            |    27 |    63 |    80 |   355 |   124 ||   649
Block: Kite shield       |    27 |    90 |   166 |   905 |   265 ||  1453
